 Dungeon Crawl Stone Soup version 0.31-a0-564-g3b7de120b3 (webtiles) character file.

Game seed: 1855050514147084024

168 heikuro the Shield-Bearer (level 5, -7/42 HPs)
             Began as a Formicid Fighter on Aug 18, 2023.
             Mangled by Menkaure (15 damage)
             ... on level 4 of the Dungeon.
             The game lasted 00:07:05 (2493 turns).

heikuro the Shield-Bearer (Formicid Fighter)        Turns: 2493, Time: 00:07:05

Health: -7/42      AC: 11    Str: 22    XL:     5   Next: 77%
Magic:  5/5        EV:  6    Int:  8    God:
Gold:   191        SH:  5    Dex: 13    Spells: 4/4 levels left

rFire   . . .        a - +0 war axe
rCold   . . .        c - +0 buckler
rNeg    + . .        p - +0 plate armour
rPois   .            (helmet unavailable)
rElec   .            (no cloak)
rCorr   +            (no gloves)
SInv    +            (no boots)
Will    .....        (no amulet) Stlth
                     f - ring of resist corrosion
HPRegen 0.27/turn    i - ring of positive energy
MPRegen 0.09/turn

%: no passive effects
@: mighty
A: permanent stasis, dig shafts and tunnels, antennae 3, four strong arms
a: Dig, Shaft Self


You were on level 4 of the Dungeon.
You visited 1 branch of the dungeon, and saw 4 of its levels.

You collected 191 gold pieces.

Inventory:

Hand Weapons
 a - a +0 war axe (weapon)
 b - a +0 sling
Missiles
 m - 15 poisoned darts (quivered)
Armour
 c - a +0 buckler (worn)
 p - a +0 plate armour (worn)
Jewellery
 f - a ring of resist corrosion (left hand)
 i - a ring of positive energy (right hand)
Scrolls
 e - 3 scrolls of identify
 j - a scroll of fear {unknown}
 l - a scroll of immolation {unknown}
 n - a scroll of silence {unknown}
 q - a scroll of acquirement {unknown}
 r - a scroll of noise {unknown}
Potions
 g - 2 potions of cancellation
 h - a potion of heal wounds
 k - a potion of magic
 o - a potion of resistance


   Skills:
 + Level 4.1 Fighting
 * Level 3.7 Axes
 + Level 4.1 Armour
 + Level 5.0 Shields


You had 4 spell levels left.
You didn't know any spells.
Your spell library contained the following spells:

 Spells                   Type           Power      Damage    Failure   Level
 Foxfire                  Conj/Fire      0%         2x1d4     100%        1
 Fireball                 Conj/Fire      0%         3d3       100%        5
 Iskenderun's Battlesphe  Conj           0%         2d6       100%        5
 Conjure Ball Lightning   Conj/Air       0%         3x3d6     100%        6
 Plasma Beam              Fire/Air       0%         2x1d10    100%        6
 Starburst                Conj/Fire      0%         6d3       100%        6
 Orb of Destruction       Conj           0%         9d5       100%        7


Dungeon Overview and Level Annotations

Branches:
Dungeon (4/15)
 Temple: D:4-7

Altars:

Annotations:
D:3 2 runed translucent doors, Fractals's ghost, weakling DgSh
D:4 Menkaure


Innate Abilities, Weirdness & Mutations

You cannot be hasted, slowed, berserked, paralysed or teleported.
You can dig through walls and to a lower floor.
You have a pair of large antennae on your head. (SInv)
Your four strong arms can wield two-handed weapons with a shield.


Message History

The jackal bites you but does no damage.
You slash the jackal!
You kill the jackal!
No target in view!
Found 8 stones.
An endoplasm comes into view.
The endoplasm quivers.
The endoplasm freezes you.
You are frozen.
You hit the endoplasm.
You kill the endoplasm!
No target in view!
You hear the slow hiss of a very distant avalanche of sand.
You sense a monster nearby.
Menkaure shouts!
The ball python hisses angrily.
You hear a shout!
You barely miss the ball python. The ball python closely misses you.
The ball python grabs you. The ball python constricts you.
Menkaure mumbles some strange words.
Menkaure seems to speed up.
You block the ball python's attack. The ball python constricts you.
You closely miss the ball python.
Menkaure calls on the powers of darkness!
The ball python convulses!
Your body is wracked with pain!
The ball python barely misses you. The ball python constricts you.
Menkaure calls on the powers of darkness!
Your body is wracked with pain!
The ball python bites you. The ball python constricts you.
You feel very mighty all of a sudden.
The ball python bites you but does no damage.
The ball python constricts you.
The hobgoblin shouts!
You slice the ball python!!
You kill the ball python!
Menkaure gestures at you while chanting.
Pain shoots through your body!
* * * LOW HITPOINT WARNING * * *
You slice Menkaure!!
Menkaure is almost destroyed.
Menkaure hits you!
You die...

#################
................#
###############.# #
#.# .M.. # { #.#
...# # .. #.# ...#.#
## #.#######.....
#.@M........#.#
............g......#
.###########........
.......<#. #####...#
#..S. #...#. #######


You could see Menkaure (fast) and a hobgoblin.

Vanquished Creatures
  A hound (D:3)
  Jessica (D:2)
  Robin (D:3)
  An adder (D:3)
  A worm (D:2)
  A dart slug (D:4)
  3 orcs
  10 bats
  7 endoplasms
  A giant cockroach (D:2)
  13 goblins
  7 hobgoblins
  10 jackals
  6 kobolds
  A quokka (D:1)
  4 ball pythons
  3 frilled lizards
  7 rats
78 creatures vanquished.

Notes
Turn   | Place    | Note
-------+----------+-------------------------------------------
     0 | D:1      | heikuro the Formicid Fighter began the quest for the Orb.
     0 | D:1      | Reached XP level 1. HP: 18/18 MP: 1/1
    70 | D:1      | Reached XP level 2. HP: 22/24 MP: 2/2
   158 | D:1      | Reached XP level 3. HP: 29/29 MP: 3/3
  1056 | D:2      | Noticed Jessica
  1058 | D:2      | Killed Jessica
  1059 | D:2      | Reached XP level 4. HP: 37/37 MP: 4/4
  1448 | D:2      | Found a faded altar of an unknown god.
  1920 | D:3      | Reached XP level 5. HP: 41/42 MP: 5/5
  1980 | D:3      | Found a large runed translucent door.
  2028 | D:3      | Found a large runed translucent door.
  2031 | D:3      | Noticed Fractals's ghost (weakling DgSh)
  2057 | D:3      | Noticed Robin
  2086 | D:3      | Killed Robin
  2134 | D:3      | Reached skill level 5 in Shields
  2353 | D:4      | Noticed Menkaure
  2493 | D:4      | Mangled by Menkaure

Illustrated notes

Levels and vault maps discovered:
D:1:      erik_arrival_cave_to_civilisation [erik_arrival_cave_to_hall],
          layout_basic
D:2:      layout_basic, serial_rivers, chequers_serial_rivers_large_b,
          chequers_serial_rivers_micro_a, chequers_serial_rivers_micro_d,
          chequers_serial_rivers_micro_e, chequers_serial_rivers_small_a,
          shapermc_ecumenical_altar_notcrosses, uniq_jessica
D:3:      layout_rooms, ebering_ghost_disaster_area, grunt_ministairs_14,
          uniq_robin
D:4:      layout_basic, nicolae_ossuary_entry_catacombs, serial_shops, shop,
          uniq_menkaure, uniq_natasha

Skill      XL: |  1  2  3  4  5 |
---------------+----------------+-----
Axes           | 3 |  3.7
Fighting       | 4 |  4.1
Armour         | 4 |  4.1
Shields        | 5 |  5.0

Action                     |  1- 3 |  4- 6 || total
---------------------------+-------+-------++-------
  Melee: War axe           |    80 |    82 ||   162
   Fire: Sling             |       |     3 ||     3
  Throw: Dart              |       |     2 ||     2
Ability: Dig               |     2 |       ||     2
    Use: Scroll            |       |     4 ||     4
         Potion            |       |     1 ||     1
 Armour: Scale mail        |    49 |    21 ||    70
         Plate armour      |       |    47 ||    47
  Dodge: Dodged            |    42 |    57 ||    99
  Block: Buckler           |    16 |    35 ||    51

Table legend: (Time is in decaauts)
 A = Elapsed time spent in this place.
 B = Non-inter-level travel time spent in this place.
 C = Inter-level travel time spent in this place.
 D = Time resting spent in this place.
 E = Time spent auto-exploring this place.
 F = Levels seen in this place.
 G = Mean time per level.
                   A        B        C        D        E       F      G
               +--------+--------+--------+--------+--------+-----+--------+
         Total |   2582 |   2477 |    105 |      6 |   1579 |   4 |  645.5 |
       Dungeon |   2582 |   2477 |    105 |      6 |   1579 |   4 |  645.5 |
               +--------+--------+--------+--------+--------+-----+--------+

Top non-repeatable levels by time:
     D:2: 994 daAuts
     D:1: 895 daAuts
     D:3: 565 daAuts
     D:4: 126 daAuts
